AoeStats
← DK_Odysseo

Arabia

508505354Analyzed
1v1 RM · 9d ago on Sep 22, 2026· 35m 33s· 2 players
Game mode
Random Map
Map size
Tiny (2 player)
Population
200
Speed
Normal
Resources
Standard
Victory
Conquest
Starting age
Dark Age
Ending age
Imperial Age
RankedLock teamsTeams togetherTeam positionsShared explorationLock speedFull tech treeHidden civsTurbo modeCheats
Victory
Defeat
🇪🇸 Britons · Spain
1871
+20
🇫🇷 Tupi · France
1969
-20
DK_Odysseo
6:14 Loom
8:44 Feudal Age
8:53 Man-at-Arms
9:19 Double-Bit Axe
13:17 Fletching
20:32 Castle Age
21:11 Bodkin Arrow
20:38 Crossbowman
23:41 Horse Collar
31:30 Wheelbarrow
30:41 Town Watch
35:20 Imperial Age
33:37 Padded Archer Armor
guimbo
6:06 Loom
8:45 Feudal Age
8:53 Champi Runner
9:20 Double-Bit Axe
14:21 Fletching
15:52 Padded Archer Armor
23:32 Castle Age
21:44 Horse Collar
23:27 Town Watch
24:16 Bodkin Arrow
23:53 Elite Skirmisher
25:10 Leather Archer Armor
24:56 Gold Mining
25:22 Bow Saw
26:40 Wheelbarrow
26:44 Stone Mining
Connection lost

Rejoining the realm…

Still unreachable

The connection could not be restored.

Session expired

The server has moved on; the page needs a fresh start.